Map: Orbital Shipyard

Players

SticklerMac - Winner!

  • Race: Zerg Zerg
  • League: Silver

Novak

  • Race: Terran Terran
  • League: Silver

VOD

https://www.youtube.com/watch?v=jiyYIV4spuQ

Description

Time

  • Played on: Oct. 22, 2015, 2:50 p.m.
  • Length: 9:47
Show
View Real Time Build Order
Export as new Build Order

SticklerMac Zerg - Winner!

Build Orders: Hatch First, Zergling Baneling 

Get SALT Encoding   

  12  0:01  Drone  
  13  0:12  Overlord  
  13  0:22  Drone  
  14  0:30  Drone  
  14  0:31  Drone  
  14  0:35  Drone  
  17  0:55  Hatchery  
  16  1:03  Drone x2  
  18  1:07  Extractor  
  17  1:16  Spawning Pool  
  16  1:19  Drone  
  18  1:25  Drone  
  18  1:29  Drone  
  19  1:39  Drone  
  20  1:50  Overlord  
  20  2:00  Drone  
  21  2:06  Queen  
  21  2:07  Queen  
  21  2:08  Metabolic Boost  
  25  2:10  Drone  
  25  2:13  Zergling x2  
  27  2:18  Zergling x2  
  28  2:27  Zergling x2  
  28  2:29  Drone  
  30  2:33  Drone  
  31  2:41  Zergling x2  
  32  2:46  Zergling x2  
  33  2:52  Zergling x2  
  33  2:54  Drone  
  35  2:59  Baneling Nest  
  34  3:07  Zergling x4  
  36  3:13  Overlord  
  36  3:16  Hatchery  
  34  3:38  Zergling x12  
  34  3:39  Zergling x2  
  41  3:43  Zergling x2  
  42  3:50  Zergling x2  
  42  3:53  Overlord x2  
  43  4:02  Baneling x4  
  43  4:03  Baneling x6  
  39  4:42  Zergling x24  
  50  4:50  Zergling x6  
  49  4:58  Zergling x2  
  50  5:06  Zergling x6  
  53  5:10  Zergling x2  
  45  5:23  Zergling x8  
  49  5:32  Zergling x4  
  51  5:37  Zergling x2  
  51  5:40  Queen x3  
  46  5:53  Zergling x8  
  50  5:58  Zergling x4  
  50  6:03  Zergling x2  
  52  6:07  Zergling x4  
  53  6:15  Zergling x6  
  52  6:19  Zergling x4  
  50  6:33  Zergling x6  
  52  6:53  Zergling x2  
  52  6:54  Zergling x10  
  52  7:05  Zergling x12  
  52  7:06  Zergling x2  
  58  7:16  Zergling x6  
  58  7:17  Zergling x4  
  58  7:19  Zergling x4  
  65  7:39  Lair  
  65  8:21  Overlord x2  
  65  8:22  Overlord x6  
  65  8:38  Spire  
  58  8:58  Overseer  
  57  9:31  Drone x3  
  57  9:32  Drone x6  
  57  9:33  Drone x2  
Show
View Real Time Build Order
Export as new Build Order

Novak Terran 

Build Orders: Reaper Expand 

Get SALT Encoding   

  12  0:01  SCV  
  13  0:13  SCV  
  14  0:18  Supply Depot  
  14  0:26  SCV  
  15  0:39  SCV  
  16  0:45  Barracks  
  16  0:52  SCV, Refinery  
  17  1:14  SCV  
  18  1:26  SCV  
  19  1:35  Supply Depot  
  19  1:38  Orbital Command  
  19  1:40  Reaper  
  20  1:51  Command Center  
  20  2:04  SCV  
  21  2:09  Supply Depot  
  21  2:13  Reaper  
  22  2:21  SCV  
  23  2:33  SCV  
  24  2:43  Refinery  
  24  2:45  SCV  
  24  2:46  Barracks Reactor  
  24  3:07  Command Center, SCV  
  24  3:08  Orbital Command  
  25  3:23  SCV, Barracks  
  25  3:25  Factory  
  26  3:41  Marine x2  
  27  3:45  SCV x2  
  30  3:57  SCV x2  
  30  3:58  Marine  
  30  3:59  Marine  
  34  4:09  SCV x2  
  36  4:11  Starport, Widow Mine  
  36  4:12  Barracks Tech Lab  
  38  4:20  Orbital Command, Marine x2  
  38  4:21  SCV  
  41  4:32  Engineering Bay  
  41  4:36  Marine  
  38  4:42  Widow Mine  
  38  4:50  Medivac  
  39  4:59  Marauder  
  35  5:11  Widow Mine  
  18  5:39  Widow Mine  
  15  5:55  Marine  
  13  6:11  Orbital Command  
  8  6:43  SCV  
  9  7:10  Orbital Command  
  8  7:50  Orbital Command  
  6  8:55  Orbital Command  
  6  8:56  SCV  
  7  9:08  Widow Mine  
  7  9:09  SCV  
  10  9:21  SCV x2, Starport Tech Lab  
  6  9:33  SCV  
Tags
 
Add a new tag
Caveats
  • Supply blocks, unpowered buildings, or Contaminate may cause inaccurate times.
  • Supply counts are checked every 10 seconds.